[gd_scene load_steps=11 format=3 uid="uid://cfflis6slf405"]

[ext_resource type="Script" uid="uid://g1gp7iqpyx1m" path="res://src/model/environment/button.gd" id="1_33icc"]
[ext_resource type="Texture2D" uid="uid://dmdjgwo0d1xsu" path="res://assets/interactable/candle_01a.png" id="1_b05g4"]
[ext_resource type="Script" uid="uid://ccbadjsr8c3i8" path="res://src/resources/rInteractionInput.gd" id="2_fj6c1"]
[ext_resource type="Texture2D" uid="uid://0r4d4d3g32ol" path="res://assets/interactable/candle_01b.png" id="2_gkpie"]
[ext_resource type="PackedScene" uid="uid://bkecls6bd7n8s" path="res://src/model/components/interaction/Interactable.tscn" id="5_xj6hf"]
[ext_resource type="Script" uid="uid://75qj6l25jg53" path="res://src/model/environment/interactionLockComponent.gd" id="6_f7uvw"]

[sub_resource type="Resource" id="Resource_y68xr"]
script = ExtResource("2_fj6c1")
input = 0
interaction_name = ""
ui_list_position = 0

[sub_resource type="RectangleShape2D" id="RectangleShape2D_2c2m8"]
size = Vector2(16, 10)

[sub_resource type="SpriteFrames" id="SpriteFrames_16dpl"]
animations = [{
"frames": [{
"duration": 1.0,
"texture": ExtResource("1_b05g4")
}, {
"duration": 1.0,
"texture": ExtResource("2_gkpie")
}],
"loop": false,
"name": &"default",
"speed": 30.0
}]

[sub_resource type="CircleShape2D" id="CircleShape2D_dksim"]
radius = 20.0998

[node name="Button" type="StaticBody2D"]
scale = Vector2(0.5, 0.5)
collision_mask = 0
script = ExtResource("1_33icc")
_interaction_input = SubResource("Resource_y68xr")
metadata/_edit_group_ = true

[node name="CollisionShape2D" type="CollisionShape2D" parent="."]
position = Vector2(0, -4)
shape = SubResource("RectangleShape2D_2c2m8")

[node name="AnimatedSprite2D" type="AnimatedSprite2D" parent="."]
position = Vector2(1, -16)
sprite_frames = SubResource("SpriteFrames_16dpl")

[node name="InteractionSound" type="AudioStreamPlayer2D" parent="."]
bus = &"effects"

[node name="InteractableComponent" parent="." node_paths=PackedStringArray("interactable_owner") instance=ExtResource("5_xj6hf")]
interactable_owner = NodePath("..")
is_enabled = true

[node name="CollisionShape2D" type="CollisionShape2D" parent="InteractableComponent"]
position = Vector2(0, -14)
shape = SubResource("CircleShape2D_dksim")

[node name="InteractionLockComponent" type="Node" parent="."]
script = ExtResource("6_f7uvw")
